 Dungeon Crawl Stone Soup version 0.30.1-1-g62c8e00024 (webtiles) character file.

Game seed: 9462737097111575486

35 monsoonserge the Insei (level 3, 0/23 HPs)
             Began as an Octopode Transmuter on July 17, 2023.
             Was an Initiate of Gozag.
             Slain by an orc wizard
             ... wielding a +0 dagger
              (3 damage)
             ... on level 2 of the Dungeon.
             The game lasted 00:05:01 (868 turns).

monsoonserge the Insei (Octopode Transmuter)         Turns: 868, Time: 00:05:03

Health: 0/23       AC:  1    Str: 11    XL:     3   Next: 35%
Magic:  5/6        EV: 13    Int: 15    God:    Gozag
Gold:   77         SH:  0    Dex: 12    Spells: 3/6 levels left

rFire   . .          .
                       - Unarmed
rCold   . . .        (no shield)
rNeg    . . .        (helmet restricted)
rPois   .            (no amulet)
rElec   .            (no ring)
rCorr   .            (no ring)
SInv    .            (no ring)
Will    .....        (no ring)
Stlth   +++          (no ring)
HPRegen 0.23/turn    (no ring)
MPRegen 0.10/turn    (no ring)
                     (no ring)

%: no passive effects
@: no status effects
A: almost no armour, amphibious, 8 rings, camouflage 1, gelatinous body 1,
(nimble swimmer 1), tentacles
a: Renounce Religion, Potion Petition, Call Merchant, Bribe Branch


You were on level 2 of the Dungeon.
You worshipped Gozag.
Gozag was noncommittal.
You visited 1 branch of the dungeon, and saw 2 of its levels.

You collected 106 gold pieces.
You paid 29 gold pieces to Gozag.

Inventory:

Hand Weapons
 c - a +0 sling
Wands
 g - a wand of light (9)
Scrolls
 b - 2 scrolls of identify {unknown}
 d - a scroll of enchant armour {unknown}
 i - a scroll of vulnerability {unknown}
Potions
 a - a potion of lignification
 f - a potion of curing {unknown}
 h - a potion of might {unknown}


   Skills:
 - Level 1.0 Fighting
 - Level 2.0 Dodging
 + Level 1.0 Stealth
 + Level 4.2 Unarmed Combat
 - Level 2.0 Spellcasting
 - Level 2.0 Transmutations


You had 3 spell levels left.
You knew the following spells:

 Your Spells              Type           Power      Damage    Failure   Level
a - Beastly Appendage     Tmut           14%        N/A       10%         1
b - Wereblood             Tmut           7%         N/A       14%         2

Your spell library contained the following spells:

 Spells                   Type           Power      Damage    Failure   Level
 Spider Form              Tmut/Pois      4%         N/A       41%         3
 Dazzling Flash           Conj/Hex       2%         N/A       54%         3
 Volatile Blastmotes      Fire/Tloc      2%         2d10      54%         3
 Ice Form                 Ice/Tmut       4%         N/A       82%         4
 Iskenderun's Mystic Bla  Conj/Tloc      1%         2d3       91%         4
 Agony                    Necr           1%         N/A       99%         5
 Silence                  Hex/Air        0%         N/A       99%         5
 Starburst                Conj/Fire      0%         6d3       100%        6


Dungeon Overview and Level Annotations

Branches:
Dungeon (2/15)

Altars:
Gozag

Annotations:
D:2 1 runed translucent door, Crazy Yiuf


Innate Abilities, Weirdness & Mutations

You cannot wear most types of armour.
You are amphibious.
You can wear up to eight rings at the same time.
Your skin changes colour to match your surroundings (Stealth+).
Your rubbery body absorbs attacks. (AC +1, EV +1)
((You are camouflaged when in or above water. (Stealth+)))
You have tentacles for arms and can constrict up to eight enemies at once.


Message History

One of your tentacles grows a vicious spike.
Something hits you.
You miss something.
Your tentacle spike misses something.
Your squeeze misses something.
An orc wizard appears from thin air!
Reactivating autopickup.
The orc wizard casts a spell at you.
You are confused.
Your transformation is almost over.
The orc wizard is distracted by your dazzling golden aura.
The dart slug barely misses you.
The orc wizard shouts!
Unknown command.
You bump into the rock wall.
You're too confused to move!
The dart slug launches a dart at you. The slug dart hits you.
You feel less confused.
You tentacle-slap the dart slug. You grab the dart slug.
You squeeze the dart slug, but do no damage.
The dart slug is moderately wounded.
You constrict the dart slug.
The orc wizard is no longer distracted by gold.
You tentacle-slap the dart slug.
You kill the dart slug!
You closely miss the orc wizard. Your grab misses the orc wizard.
You pierce the orc wizard.
The orc wizard is moderately wounded.
The orc wizard hits you with a +0 dagger.
You tentacle-slap the orc wizard. Your grab misses the orc wizard.
You pierce the orc wizard.
The orc wizard is severely wounded.
The orc wizard hits you with a +0 dagger.
* * * LOW HITPOINT WARNING * * *
You tentacle-slap the orc wizard. Your grab misses the orc wizard.
Your squeeze misses the orc wizard.
The orc wizard is severely wounded.
Your tentacle spike disappears.
The orc wizard hits you with a +0 dagger.
You die...
Your body crumbles into a pile of gold.

#>##.# #...##..#...###....
#.##.###..## #.............
.........# ##.#.......?..
.......### #..........#.
........# ##...........
........# ###...$...... $
........# #...........#
.#.....########o####.####.#
...............$@....... .
#.......######.######.#..
#.......# #. .. # ##...)..#
.. ..# ...........#### .#
##..........# ##...........
...........## .####.......#


You could see an orc wizard.

Vanquished Creatures
  2 dart slugs (D:2)
  2 orcs (D:2)
  4 endoplasms
  4 goblins
  2 hobgoblins (D:1)
  A quokka (D:1)
  3 ball pythons (D:1)
  6 bats (D:1)
  2 frilled lizards (D:1)
  A rat (D:1)
27 creatures vanquished.

Notes
Turn   | Place    | Note
-------+----------+-------------------------------------------
     0 | D:1      | monsoonserge the Octopode Transmuter began the quest for
                  | the Orb.
     0 | D:1      | Reached XP level 1. HP: 13/13 MP: 3/3
     2 | D:1      | Noticed a naga
     2 | D:1      | Noticed a tengu
     4 | D:1      | Noticed a draconian
     6 | D:1      | Noticed a vampire
     6 | D:1      | Noticed a minotaur
     8 | D:1      | Noticed a demigod
     8 | D:1      | Noticed a merfolk
    10 | D:1      | Noticed a ghoul
    12 | D:1      | Noticed an octopode
    12 | D:1      | Noticed a formicid
    14 | D:1      | Noticed a felid
    14 | D:1      | Noticed a troll
    16 | D:1      | Noticed a human
    16 | D:1      | Noticed an armataur
    18 | D:1      | Noticed a meteoran
    18 | D:1      | Noticed a demonspawn
    20 | D:1      | Noticed an elf
    20 | D:1      | Noticed an ogre
    22 | D:1      | Noticed a vine stalker
    24 | D:1      | Noticed a gargoyle
    26 | D:1      | Noticed a felid
    26 | D:1      | Noticed a minotaur
   307 | D:1      | Reached XP level 2. HP: 18/18 MP: 3/5
   310 | D:1      | Learned a level 2 spell: Wereblood
   425 | D:1      | Reached skill level 4 in Unarmed Combat
   553 | D:1      | Found a faded altar of an unknown god.
   679 | D:2      | Reached XP level 3. HP: 13/23 MP: 4/6
   733 | D:2      | Found an opulent altar of Gozag.
   741 | D:2      | Became a worshipper of Gozag Ym Sagoz the Greedy
   782 | D:2      | Found a runed translucent door.
   783 | D:2      | Noticed Crazy Yiuf
   856 | D:2      | Reached skill level 1 in Stealth
   868 | D:2      | Slain by an orc wizard

Illustrated notes

Levels and vault maps discovered:
D:1:      kb_arrival_jail, layout_basic, ebering_ecumenical_altar_hall
D:2:      layout_rooms, basic_altar, uniq_crazy_yiuf_cottage, uniq_robin

Skill      XL: |  1  2  3 |
---------------+----------+-----
Unarmed Combat | 4 |  4.2
Stealth        | 1 |  1.0
Fighting       | |  1.0
Dodging        | |  2.0
Spellcasting   | |  2.0
Transmutations | |  2.0

Action                     || total
---------------------------++-------
  Melee: Unarmed           ||    60
         Constrict         ||    12
         Kick              ||     9
         Tentacles         ||     7
         Punch             ||     1
   Cast: Beastly Appendage ||    14
         Wereblood         ||     1
    Use: Potion            ||     2
   Stab: Sleeping          ||     2
 Armour: Skin              ||     3
  Dodge: Dodged            ||    31
